 Dungeon Crawl Stone Soup version 0.29-a0-878-g7b45a56547 (webtiles) character file.

Game seed: 12886620331390487504

761 BeingJoeMalik the Spear-Bearer (level 7, -9/41 HPs)
             Began as a Tengu Fighter on July 20, 2022.
             Was a Follower of Dithmenos.
             Mangled by an ogre
             ... wielding a +0 giant spiked club
              (35 damage)
             ... on level 6 of the Dungeon.
             The game lasted 00:13:10 (5261 turns).

BeingJoeMalik the Spear-Bearer (Tengu Fighter)      Turns: 5261, Time: 00:13:11

Health: -9/41      AC: 12    Str: 22 (24) XL:     7   Next: 80%
Magic:  8/8        EV:  8    Int: 12 (14) God:    Dithmenos [*.....]
Gold:   1275       SH:  6    Dex: 15      Spells: 6/6 levels left

rFire   . . .      SeeInvis .   a - +1 trident
rCold   . . .      Faith    +   c - +1 buckler
rNeg    + . .      Spirit   .   v - +3 chain mail of Gluttony {Str+7}
rPois   .          Reflect  .   (helmet restricted)
rElec   .          Harm     .   (no cloak)
rCorr   .          Rampage  .   (no gloves)
Will    .....                   (boots unavailable)
Stlth   ..........              k - amulet of faith
HPRegen 0.13/turn               p - +6 ring of intelligence
MPRegen 0.11/turn               y - ring of positive energy

@: flying quickly and evasively, wreathed by umbra, quick
A: beak, talons 3, nimble flight
a: Renounce Religion


You were on level 6 of the Dungeon.
You worshipped Dithmenos.
Dithmenos was aware of your devotion.
You visited 1 branch of the dungeon, and saw 6 of its levels.

You collected 1275 gold pieces.

Inventory:

Hand Weapons
 a - a +1 trident (weapon)
Missiles
 E - 2 poisoned darts (quivered)
Armour
 b - a +0 scale mail
 c - a +1 buckler (worn)
 v - the +3 chain mail of Gluttony (worn) {Str+7}
   (You found it on level 3 of the Dungeon)

   Str:       It affects your strength (+7).
Jewellery
 k - an amulet of faith (around neck)
 p - a +6 ring of intelligence (left hand)
 y - a ring of positive energy (right hand)
Wands
 j - a wand of paralysis (5)
 w - a wand of iceblast (4)
Scrolls
 e - a scroll of enchant armour
 l - a scroll of immolation {unknown}
 m - a scroll of silence
 q - 3 scrolls of teleportation
Potions
 d - 2 potions of might
 f - a potion of heal wounds
 g - a potion of brilliance
 h - a potion of curing
 i - 4 potions of haste
 n - a potion of cancellation
 o - a potion of magic {unknown}
 t - a potion of attraction


   Skills:
 + Level 3.4 Fighting
 + Level 9.2 Polearms
 - Level 3.2 Armour
 + Level 3.1 Shields


You had 6 spell levels left.
You didn't know any spells.
Your spell library contained the following spells:

 Spells                   Type           Power      Damage    Failure   Level
 Apportation              Tloc           0%         N/A       98%         1
 Necrotise                Necr           0%         1d4       98%         1
 Summon Small Mammal      Summ           0%         N/A       98%         1


Dungeon Overview and Level Annotations

Branches:
Dungeon (6/15)
 Temple: D:4-7

Altars:
Dithmenos
Elyvilon
Vehumet

Shops:
D:5 *

Annotations:
D:4 exclusion: statue
D:5 3 runed translucent doors, Yogidamonk's ghost, novice GrEE


Innate Abilities, Weirdness & Mutations

You have a beak for a mouth.
You have claws for feet.
Your magical nature lets you fly swiftly and evasively.


Message History

There is a stone staircase leading up here.
Found a stone staircase leading down.
l - a scroll labelled UGODETE BY MACE
Found an escape hatch in the floor.
You now have 1275 gold pieces (gained 13).
You hear the slow rusting of a very distant drain.
Done exploring.
Done exploring.
There is a stone staircase leading up here.
You fly upwards.
Level annotation: 3 runed translucent doors, Yogidamonk's ghost, novice GrEE
There is a stone staircase leading down here.
There is a stone staircase leading down here.
You fly downwards.
You hear the sound of rushing water.
There is an entrance to a sewer on this level.
Hurry and find it before the portal rusts away!
Found a metallic inky potion.
Found a stone staircase leading down.
There is a stone staircase leading up here.
You hear the slow rusting of a very distant drain.
o - a metallic inky potion
Found 5 stones.
You reach down and open the door.
There is an open door here.
You hear the slow rusting of a very distant drain.
An ogre comes into view. It is wielding a +0 giant spiked club.
The ogre shouts!
You hear a shout!
You hit the ogre.
The ogre is lightly wounded.
The ogre closely misses you.
You hit the ogre. You claw the ogre.
The ogre is moderately wounded.
An orc comes into view. It is wielding a +0 club.
The ogre hits you with a +0 giant spiked club!
You puncture the ogre! You claw the ogre. You peck the ogre, but do no damage.
The ogre is almost dead.
You barely miss the ogre.
The ogre is almost dead.
The ogre hits you with a +0 giant spiked club!!
Ouch! That really hurt!
You die...

###########
########........(#
#..oO@.#.#######.#
###.##.#.# #.####
# #.#.# #....#
#.#.# #####.#
#...######.....#
####...##....###
#.#.##....#
#.#.##....#
#>#####.#.##....#


You could see an ogre and an orc.

Vanquished Creatures
  A black bear (D:4)
  An ogre (D:5)
  A gnoll sergeant (D:4)
  A scorpion (D:5)
  A howler monkey (D:5)
  2 hounds
  2 jellies
  An orc priest (D:4)
  An iguana (D:4)
  3 adders (D:4)
  12 gnolls
  2 ufetubi
  3 dart slugs
  10 orcs
  6 ball pythons
  6 endoplasms
  6 giant cockroaches
  10 goblins
  7 hobgoblins
  2 jackals (D:1)
  8 quokkas
  12 bats
  3 frilled lizards
  6 kobolds
  4 rats
111 creatures vanquished.

Vanquished Creatures (others)
  A fungus (D:3)
  6 plants (D:1)
7 creatures vanquished.

Grand Total: 118 creatures vanquished

Notes
Turn   | Place    | Note
-------+----------+-------------------------------------------
     0 | D:1      | BeingJoeMalik the Tengu Fighter began the quest for the
                  | Orb.
     0 | D:1      | Reached XP level 1. HP: 14/14 MP: 2/2
    35 | D:1      | Reached skill level 3 in Polearms
    35 | D:1      | Reached XP level 2. HP: 19/19 MP: 3/3
   250 | D:1      | Reached XP level 3. HP: 21/23 MP: 4/4
   427 | D:1      | Reached skill level 4 in Polearms
   510 | D:1      | Found a faded altar of an unknown god.
   656 | D:2      | Reached XP level 4. HP: 28/28 MP: 5/5
  1236 | D:2      | Reached skill level 5 in Polearms
  2245 | D:3      | Identified the +3 chain mail of Gluttony {Str+7}
  2387 | D:3      | Gained mutation: Your magical nature lets you fly swiftly
                  | and evasively. [Tengu growth]
  2387 | D:3      | Reached XP level 5. HP: 32/32 MP: 6/6
  2387 | D:3      | Found a white marble altar of Elyvilon.
  2786 | D:4      | Reached skill level 6 in Polearms
  2810 | D:4      | Found a shadowy altar of Dithmenos.
  3001 | D:4      | Reached XP level 6. HP: 37/37 MP: 7/7
  3004 | D:4      | Found a radiant altar of Vehumet.
  3062 | D:4      | Became a worshipper of Dithmenos the Shadowed
  3361 | D:4      | Reached skill level 7 in Polearms
  3625 | D:4      | Noticed a black bear
  3631 | D:4      | Killed a black bear
  3946 | D:5      | Entered Level 5 of the Dungeon
  3986 | D:5      | Found Qonkis's Overcharged Wands.
  3992 | D:5      | Reached skill level 8 in Polearms
  3992 | D:5      | Reached XP level 7. HP: 36/41 MP: 8/8
  4372 | D:5      | Reached * piety under Dithmenos
  4463 | D:5      | Identified a scroll of acquirement
  4463 | D:5      | Acquired 1006 gold pieces
  4611 | D:5      | Reached skill level 9 in Polearms
  4904 | D:5      | Found a runed translucent gate.
  4904 | D:5      | Found a runed translucent gate.
  4904 | D:5      | Found a runed translucent gate.
  4905 | D:5      | Noticed Yogidamonk's ghost (novice GrEE)
  5261 | D:6      | Mangled by an ogre

Illustrated notes

Levels and vault maps discovered:
D:1:      elethiomel_arrival_quiet, layout_rooms,
          shapermc_ecumenical_altar_pompeii, nicolae_grassy_gnolls
D:2:      layout_loops_corners, minmay_misc_feat_hallway
D:3:      layout_loops_corners, mainiacjoe_overflow_boulevard,
          serial_park_tiny_pond, hangedman_decor_lopped
D:4:      layout_loops_corners, mainiacjoe_overflow_alcove_1, vehumet_statue
D:5:      layout_basic, gammafunk_ghost_necromancy,
          nicolae_shop_overcharged_wands
D:6:      layout_basic, nicolae_wu_jian_glorious_leap,
          nicolae_qazlal_scattered_showers, temple_fountains,
          gup_sewer_entry_bubbles, uniq_prince_ribbit1, uniq_eustachio

Skill      XL: |  1  2  3  4  5  6  7 |
---------------+----------------------+-----
Polearms       | 3 4 5 6 8 9 |  9.2
Fighting       | |  3.4
Armour         | |  3.2
Shields        | |  3.1

Action                   |  1- 3 |  4- 6 |  7- 9 || total
-------------------------+-------+-------+-------++-------
Melee: Trident           |    79 |   134 |    62 ||   275
       Kick              |    13 |    27 |    16 ||    56
       Peck              |    12 |    10 |    10 ||    32
Evoke: Wand              |       |     2 |       ||     2
  Use: Scroll            |       |     2 |     9 ||    11
       Potion            |       |     1 |    11 ||    12
 Stab: Invisible         |       |       |     3 ||     3
Armor: Scale mail        |    21 |    16 |       ||    37
       Chain mail        |       |    25 |    12 ||    37
Dodge: Dodged            |    12 |    29 |    17 ||    58
Block: Buckler           |    14 |    23 |     7 ||    44

Table legend: (Time is in decaauts)
 A = Elapsed time spent in this place.
 B = Non-inter-level travel time spent in this place.
 C = Inter-level travel time spent in this place.
 D = Time resting spent in this place.
 E = Time spent auto-exploring this place.
 F = Levels seen in this place.
 G = Mean time per level.
                   A        B        C        D        E       F      G
               +--------+--------+--------+--------+--------+-----+--------+
         Total |   5077 |   4645 |    432 |    532 |   3316 |   6 |  846.2 |
       Dungeon |   5077 |   4645 |    432 |    532 |   3316 |   6 |  846.2 |
               +--------+--------+--------+--------+--------+-----+--------+

Top non-repeatable levels by time:
     D:4: 1422 daAuts
     D:2: 1213 daAuts
     D:3: 908 daAuts
     D:5: 832 daAuts
     D:1: 573 daAuts
     D:6: 126 daAuts
